 Dungeon Crawl Stone Soup version 0.24-a0-515-gbe7f5e2e8d (webtiles) character file.

Game seed: 3124775030450156749

16562 Peloso the Blocker (level 12, -4/104 HPs)
             Began as a Minotaur Fighter on July 21, 2019.
             Was a High Priest of Okawaru.
             Slain by a komodo dragon (26 damage)
             ... on level 2 of the Lair of Beasts.
             The game lasted 00:31:05 (13335 turns).

Peloso the Blocker (Minotaur Fighter)              Turns: 13335, Time: 00:31:05

Health: -4/104     AC: 15    Str: 29    XL:     12   Next: 11%
Magic:  11/11      EV: 10    Int:  5    God:    Okawaru [*****.]
Gold:   566        SH: 17    Dex: 11    Spells: 11/11 levels left

rFire    . . .     SeeInvis +   a - +2 falchion (curse)
rCold    . . .     Gourm    +   c - +3 shield "Tyjas" {MR+ Str+5 Dex-3}
rNeg     . . .     Faith    .   C - +4 chain mail "Ytur" {rPois MR+}
rPois    +         Spirit   .   (helmet restricted)
rElec    .         Reflect  .   (no cloak)
rCorr    .         Harm     .   (no gloves)
MR       ++...                  (no boots)
Stlth    ..........             O - amulet of the gourmand
HPRegen  0.27/turn              Q - +2 ring of dexterity
MPRegen  0.12/turn              G - ring of see invisible

@: marked, berserk cooldown, slowed, very slow
A: retaliatory headbutt, horns 2
a: Heroism, Finesse, Renounce Religion


You were on level 2 of the Lair of Beasts.
You worshipped Okawaru.
Okawaru was extremely pleased with you.
You were not hungry.

You visited 3 branches of the dungeon, and saw 14 of its levels.

You collected 832 gold pieces.
You spent 266 gold pieces at shops.

Inventory:

Hand Weapons
 a - a cursed +2 falchion (weapon)
 I - a +0 whip of flaming
Armour
 b - a +0 scale mail
 c - the +3 shield "Tyjas" (worn) {MR+ Str+5 Dex-3}
   (You bought it in a shop on level 6 of the Dungeon)

   It affects your strength (+5).
   It affects your dexterity (-3).
   It affects your resistance to hostile enchantments.
 C - the +4 chain mail "Ytur" (worn) {rPois MR+}
   (You found it on level 4 of the Dungeon)

   It protects you from poison.
   It affects your resistance to hostile enchantments.
 J - a +0 crystal plate armour
Jewellery
 h - an uncursed ring of ice
 G - a ring of see invisible (right hand)
 N - a +2 ring of evasion
 O - an amulet of the gourmand (around neck)
 Q - a +2 ring of dexterity (left hand)
Wands
 j - a wand of acid (5)
 s - a wand of iceblast (15)
 w - a wand of clouds (2)
 E - a wand of paralysis (7)
 F - a wand of flame (15)
Scrolls
 e - 5 scrolls of teleportation
 m - 4 scrolls of blinking
 o - 4 scrolls of enchant armour {unknown}
 q - 5 scrolls of enchant weapon {unknown}
 r - a scroll of fear {unknown}
 t - 2 scrolls of amnesia {unknown}
 u - 2 scrolls of immolation {unknown}
 x - 4 scrolls of noise {unknown}
 y - 2 scrolls of magic mapping {unknown}
 z - 3 scrolls of fog {unknown}
 A - a scroll of random uselessness {unknown}
 B - 6 scrolls of remove curse {unknown}
 D - 3 scrolls of torment {unknown}
 H - 3 scrolls of silence {unknown}
 K - 2 scrolls of acquirement {unknown}
 S - a scroll of identify
Potions
 d - a potion of might
 g - 4 potions of curing
 i - a potion of mutation
 l - 3 potions of resistance
 n - 4 potions of flight
 p - 2 potions of heal wounds
 v - a potion of agility
 L - a potion of brilliance
 M - a potion of ambrosia {unknown}
 P - a potion of haste {unknown}
 R - a potion of cancellation {unknown}
Comestibles
 f - 16 rations


   Skills:
 + Level 9.3 Fighting
 + Level 13.3 Long Blades
 + Level 10.7 Armour
 + Level 4.1 Dodging
 + Level 1.4 Stealth
 + Level 13.4 Shields
 + Level 0.8 Invocations
 + Level 0.8 Evocations


You had 11 spell levels left.
You didn't know any spells.
Your spell library contained the following spells:

 Spells                   Type           Power        Failure   Level  Hunger
 Recall                   Summ/Tloc      N/A          100%        3    ####...
 Animate Dead             Necr           N/A          100%        4    #####..
 Borgnjor's Vile Clutch   Necr/Erth      #.........   100%        5    ######.
 Death Channel            Necr           #.........   100%        6    #######
 Simulacrum               Ice/Necr       #.........   100%        6    #######


Dungeon Overview and Level Annotations

Branches:
Dungeon (11/15)            Temple (1/1) D:6            Lair (2/6) D:9
    Orc (0/2) D:11
  Swamp: Lair:2-4    Shoals: Lair:2-4     Snake: Lair:2-4    Spider: Lair:2-4

Altars:
Ashenzari
Cheibriados
Dithmenos
Elyvilon
Fedhas
Gozag
Hepliaklqana
Makhleb
Nemelex Xobeh
Okawaru
Qazlal
Ru
Sif Muna
Trog
Uskayaw
Vehumet
Wu Jian
Xom
Yredelemnul
Zin
The Shining One

Shops:
D:6 [[*[[   D:9 =   D:10 *

Portals:
Trove: D:11 (give 6 scrolls of blinking)


Innate Abilities, Weirdness & Mutations

You reflexively headbutt those who attack you in melee.
You have a pair of horns on your head.


Message History

A komodo dragon comes into view.
The komodo dragon moves out of view.
You block the komodo dragon's attack.
You see here a hydra corpse.
You hit the komodo dragon. You headbutt the komodo dragon.
You kill the komodo dragon!
Okawaru accepts your kill.
You are no longer berserk.
You are exhausted.
You feel yourself slow down.
Things that are here:
a scroll labeled ZAUVITECERO; a komodo dragon corpse A crocodile comes into view.
Things that are here:
a scroll labeled ZAUVITECERO; a komodo dragon corpse You slash the komodo dragon!
You headbutt the komodo dragon, but do no damage.
The komodo dragon is moderately wounded.
The komodo dragon bites you!!
You die...

##..#.###.# #......#..##
#.. #.........P### ..#
#........###P####### ..#
..#.....P.#P.....P.##..##
.#........t..............
..................#.....
.#.P............#...#
#..##..........l@..#
####.<...#.>.......#
##....##.......##
#....##........#
#........##.....#
#.....P.........#
#....#.....#.....#
####.#.....#P#...#
###....##


You could see a komodo dragon and a crocodile.

Vanquished Creatures
  Harold (D:7)
  2 hydras
  3 ugly things (D:11)
  Psyche (D:8)
  A black mamba (Lair:1)
  A gargoyle (D:11)
  2 komodo dragons
  A merfolk (D:9)
  2 trolls (D:9)
  2 polar bears (D:10)
  5 blink frogs (Lair:1)
  6 hippogriffs
  4 wyverns
  5 yaks
  3 hungry ghosts
  Menkaure (D:4)
  A warg (D:11)
  4 water moccasins
  2 porcupines (Lair:1)
  A necrophage (D:9)
  Purgy (D:4)
  4 orc warriors
  2 ice beasts (D:10)
  3 sky beasts
  3 ogres
  3 phantoms
  12 centaurs
  2 wolves (D:10)
  2 crocodiles (Lair:1)
  Blork the orc (D:4)
  3 gnoll sergeants
  7 bullfrogs
  5 scorpions
  11 wights
  2 howler monkeys (D:11)
  7 crimson imps
  2 bullfrog zombies
  7 orc priests
  2 bullfrog skeletons
  8 hounds
  2 jellies (D:9)
  10 orc wizards
  Jessica (D:2)
  3 centaur skeletons
  Natasha (thrice) (D:3)
  3 iguanas
  6 worker ants
  Ijyb (D:3)
  A killer bee zombie (D:6)
  A bullfrog simulacrum (D:10)
  2 hound skeletons
  A worker ant zombie (D:5)
  A howler monkey zombie (D:6)
  Robin (D:2)
  15 gnolls
  14 adders
  9 shadow imps
  2 white imps (D:10)
  A worker ant simulacrum (D:10)
  An ooze (D:4)
  An ufetubus (D:10)
  An adder skeleton (D:6)
  4 worms
  A dart slug (D:1)
  4 leopard geckos
  45 orcs
  9 bats
  5 giant cockroaches
  9 goblins
  15 hobgoblins
  15 jackals
  6 quokkas
  A ball python (D:3)
  5 kobolds
  2 leopard gecko skeletons
  A leopard gecko zombie (D:7)
  A quokka skeleton (D:5)
  A quokka zombie (D:5)
  5 rats
344 creatures vanquished.

Notes
Turn   | Place    | Note
-------+----------+-------------------------------------------
     0 | D:1      | Peloso the Minotaur Fighter began the quest for the Orb.
     0 | D:1      | Reached XP level 1. HP: 19/19 MP: 0/0
    78 | D:1      | Reached XP level 2. HP: 18/27 MP: 1/1
   353 | D:1      | Reached XP level 3. HP: 17/33 MP: 2/2
   894 | D:2      | Noticed Robin
   932 | D:2      | Killed Robin
   932 | D:2      | Reached XP level 4. HP: 25/41 MP: 3/3
   994 | D:2      | Noticed Jessica
  1003 | D:2      | Killed Jessica
  1638 | D:3      | Noticed Ijyb
  1653 | D:3      | Killed Ijyb
  1676 | D:3      | Noticed Natasha
  1678 | D:3      | Killed Natasha
  1678 | D:3      | Reached skill level 5 in Armour
  1678 | D:3      | Reached XP level 5. HP: 37/47 MP: 4/4
  1703 | D:3      | Noticed Natasha
  1719 | D:3      | Killed Natasha
  2053 | D:3      | Found a deep blue altar of Sif Muna.
  2413 | D:3      | Noticed Natasha
  2427 | D:3      | Killed Natasha
  2427 | D:3      | Reached XP level 6. HP: 47/55 MP: 5/5
  2679 | D:4      | Reached skill level 5 in Shields
  2745 | D:4      | Noticed Blork the orc
  2752 | D:4      | Killed Blork the orc
  2752 | D:4      | Reached skill level 5 in Fighting
  2892 | D:4      | Noticed Purgy
  2916 | D:4      | Killed Purgy
  2916 | D:4      | Reached skill level 5 in Long Blades
  2985 | D:4      | Reached XP level 7. HP: 35/61 MP: 6/6
  3214 | D:4      | Noticed Menkaure
  3220 | D:4      | Killed Menkaure
  3448 | D:4      | Got a brightly glowing chain mail
  3459 | D:4      | Identified the +4 chain mail "Ytur" {rPois MR+} (You found
                  | it on level 4 of the Dungeon)
  4154 | D:5      | Entered Level 5 of the Dungeon
  4186 | D:5      | Reached XP level 8. HP: 69/69 MP: 7/7
  4263 | D:5      | Found a bloodstained altar of Trog.
  4508 | D:5      | Reached skill level 1 in Dodging
  4877 | D:6      | Found Kehechirphu's Assorted Antiques.
  4900 | D:6      | Found a staircase to the Ecumenical Temple.
  4911 | Temple   | Entered the Ecumenical Temple
  5048 | Temple   | Became a worshipper of Warmaster Okawaru
  5157 | D:6      | Found Aghexar's Armour Shop.
  5167 | D:6      | Found Qeever's Armour Shoppe.
  5203 | D:6      | Found Gaippaon's Antique Armour Shop.
  5242 | D:6      | Reached skill level 1 in Stealth
  5262 | D:6      | Found a white marble altar of Elyvilon.
  5265 | D:6      | Found a glowing silver altar of Zin.
  5363 | D:6      | Found a glowing golden altar of the Shining One.
  5560 | D:6      | Found Suwie's Antique Armour Shop.
  5610 | D:6      | Bought a bloodstained shield for 266 gold pieces
  5615 | D:6      | Identified the +3 shield "Tyjas" {MR+ Str+5 Dex-3} (You
                  | bought it in a shop on level 6 of the Dungeon)
  6046 | D:7      | Noticed Harold
  6130 | D:7      | Reached XP level 9. HP: 71/78 MP: 8/8
  6185 | D:8      | Reached * piety under Okawaru
  6286 | D:8      | Noticed Psyche
  6566 | D:8      | Found a radiant altar of Vehumet.
  6573 | D:8      | Found a shadowy altar of Dithmenos.
  6574 | D:8      | Found a shattered altar of Ashenzari.
  6574 | D:8      | Found a shimmering altar of Xom.
  6575 | D:8      | Found a burning altar of Makhleb.
  6576 | D:8      | Found a hazy altar of Hepliaklqana.
  6736 | D:8      | Killed Psyche
  6736 | D:8      | Reached ** piety under Okawaru
  6815 | D:8      | Reached skill level 10 in Long Blades
  7025 | D:9      | Noticed a troll
  7038 | D:9      | Killed a troll
  7038 | D:9      | Reached *** piety under Okawaru
  7038 | D:9      | Reached skill level 10 in Shields
  7055 | D:9      | Noticed a troll
  7064 | D:9      | Killed a troll
  7064 | D:9      | Reached XP level 10. HP: 50/86 MP: 9/9
  7257 | D:9      | Found a staircase to the Lair.
  7279 | D:9      | Found Igriupse's Jewellery Shoppe.
  7308 | D:9      | Found a basalt altar of Yredelemnul.
  7857 | D:9      | Reached **** piety under Okawaru
  8231 | D:10     | Entered Level 10 of the Dungeon
  9137 | D:10     | Found Ophelot's Assorted Antiques.
  9753 | D:10     | Reached ***** piety under Okawaru
  9919 | D:10     | Reached XP level 11. HP: 94/94 MP: 10/10
 10348 | D:11     | Found a staircase to the Orcish Mines.
 10353 | D:11     | Received a gift from Okawaru
 10413 | D:11     | Noticed a cyan ugly thing
 10458 | D:11     | Killed a cyan ugly thing
 10477 | D:11     | Received a gift from Okawaru
 10542 | D:11     | Noticed a green ugly thing
 10552 | D:11     | Noticed a white ugly thing
 11117 | D:11     | Found a portal to a secret trove of treasure.
 11156 | D:11     | Killed a white ugly thing
 11165 | D:11     | Killed a green ugly thing
 11577 | D:7      | Killed Harold
 11577 | D:7      | Reached skill level 10 in Armour
 12205 | Lair:1   | Entered Level 1 of the Lair of Beasts
 12293 | Lair:1   | Noticed an eight-headed hydra
 12304 | Lair:1   | Killed an 11-headed hydra
 13111 | Lair:1   | Reached XP level 12. HP: 75/104 MP: 11/11
 13307 | Lair:2   | Noticed an eight-headed hydra
 13325 | Lair:2   | Killed a 12-headed hydra
 13335 | Lair:2   | Slain by a komodo dragon

Levels and vault maps discovered:
D:1:      dpeg_arrival_rooms_c, layout_basic
D:2:      layout_basic, uniq_jessica, uniq_robin
D:3:      layout_basic, lemuel_round_altar, uniq_ijyb, uniq_natasha
D:4:      layout_basic, lightli_minifort, uniq_menkaure, uniq_purgy,
          uniq_blork_the_orc
D:5:      layout_loops_ring, nicolae_overflow_hidden_temple, first_ration
D:6:      layout_basic, good_gods_mini_temple, minmay_temple_entry_slanted,
          serial_shops, shop_fountains, nicolae_shop_behind_doors, shop,
          kennysheep_mini, nicolae_shop_crystal
D:7:      layout_rooms, uniq_harold
D:8:      layout_basic, grunt_temple_overflow_open, uniq_psyche
D:9:      layout_stronghold, yredelemnul_altar_generic, dpeg_oklobed_lair,
          serial_shops, shop, hangedman_fish_farm, minmay_starry_boxes
D:10:     layout_small_grid, serial_ice, serial_ice_d, serial_ice_l,
          serial_ice_o, serial_ice_e, serial_ice_g, serial_ice_a, serial_shops,
          nicolae_shop_competitors_out_of_business
D:11:     minmay_curly_fans, layout_basic, david_orc_3,
          nicolae_trove_entry_crossroad
Temple:   dpeg_chambers_temple
Lair:1:   layout_cave_pods, minivault_23, grunt_megastairs_5
Lair:2:   layout_misc_corridors

Skill      XL: |  1  2  3  4  5  6  7  8  9 10 11 |
---------------+----------------------------------+-----
Shields        | 4 5 6 8 10 11 13 | 13.4
Fighting       | 4 5 6 7 8 9 |  9.3
Armour         | 4 5 6 8 9 10 | 10.7
Long Blades    | 3 4 5 6 9 10 11 13 | 13.3
Dodging        | 1 2 3 4 |  4.1
Stealth        | 1 |  1.4
Invocations    | |  0.8
Evocations     | |  0.8

Action                   |  1- 3 |  4- 6 |  7- 9 | 10-12 || total
-------------------------+-------+-------+-------+-------++-------
Melee: Long sword        |    85 |   208 |   397 |   352 ||  1042
       Headbutt          |    16 |    42 |    76 |   150 ||   284
       Falchion          |       |       |       |   339 ||   339
Invok: Heroism           |       |       |       |     6 ||     6
Evoke: Wand              |       |     5 |     2 |       ||     7
  Use: Scroll            |       |       |     4 |     8 ||    12
       Potion            |       |       |       |     4 ||     4
  Eat: Chunk             |       |     4 |    10 |    19 ||    33
       Ration            |       |     1 |     1 |     2 ||     4
Armor: Scale mail        |    20 |       |       |       ||    20
       Plate armour      |    57 |   172 |    17 |       ||   246
       Chain mail        |       |       |   174 |   165 ||   339
Dodge: Dodged            |    13 |    39 |    78 |   124 ||   254
Block: Shield            |    38 |   146 |   273 |   519 ||   976
       Rpst.: Long sword |     3 |     8 |    12 |    13 ||    36
       Falchion          |       |       |       |    15 ||    15

Table legend:
 A = Non-vault XP
 B = Vault XP
 C = Vault XP percentage of total XP
 D = Non-vault monster count
 E = Vault monster count
 F = Vault count percentage of total count
                 A         B        C        D         E       F
            +---------+---------+-------+---------+---------+-------
      Total |   18236 |    5424 |  22.9 |     290 |      54 |  15.7
            +---------+---------+-------+---------+---------+-------
        D:1 |      48 |       0 |   0.0 |      18 |       0 |   0.0
        D:2 |      35 |      72 |  67.3 |      13 |      12 |  48.0
        D:3 |     176 |      81 |  31.5 |      23 |       3 |  11.5
        D:4 |     418 |     553 |  57.0 |      28 |       8 |  22.2
        D:5 |     708 |       0 |   0.0 |      23 |       0 |   0.0
        D:6 |     786 |       0 |   0.0 |      23 |       0 |   0.0
        D:7 |     647 |    1044 |  61.7 |      14 |       1 |   6.7
        D:8 |    1735 |     469 |  21.3 |      30 |       1 |   3.2
        D:9 |    1976 |     869 |  30.5 |      29 |       8 |  21.6
       D:10 |    2264 |    1024 |  31.1 |      46 |      11 |  19.3
       D:11 |    3070 |    1065 |  25.8 |      20 |       9 |  31.0
     Lair:1 |    4905 |     247 |   4.8 |      20 |       1 |   4.8
     Lair:2 |    1468 |       0 |   0.0 |       3 |       0 |   0.0
            +---------+---------+-------+---------+---------+-------
